Map: Lerilak Crest

Players

capac

  • Race: Terran Terran
  • League: Gold

slackerpants - Winner!

  • Race: Zerg Zerg

VOD

Have the link to the VOD?

Description

Time

  • Played on: Dec. 1, 2015, 10:18 a.m.
  • Length: 16:40
Show
View Real Time Build Order
Export as new Build Order

capac Terran 

Build Orders:  

Get SALT Encoding   

  12  0:03  SCV  
  13  0:15  SCV  
  13  0:19  Supply Depot  
  14  0:27  SCV  
  15  0:40  SCV  
  16  0:43  Barracks  
  16  0:46  Refinery  
  16  0:53  SCV  
  17  1:05  SCV  
  18  1:17  SCV  
  19  1:29  SCV  
  20  1:35  Supply Depot  
  20  1:37  Barracks Reactor  
  20  1:41  Orbital Command  
  20  2:02  Command Center  
  20  2:12  Factory  
  20  2:14  Marine x2  
  22  2:20  SCV  
  23  2:26  Refinery  
  23  2:32  Marine x2  
  25  2:44  SCV  
  25  2:52  Marine x2  
  25  2:56  SCV  
  25  2:58  Factory Tech Lab  
  28  3:01  Starport  
  28  3:08  SCV  
  29  3:17  Siege Tank  
  29  3:19  Marine x2  
  34  3:20  SCV  
  34  3:26  Orbital Command  
  35  3:32  SCV  
  36  3:41  Medivac  
  36  3:46  Marine x2  
  40  3:50  Supply Depot  
  40  4:03  Marine, Siege Tank  
  40  4:04  Marine, SCV  
  40  4:05  Orbital Command  
  46  4:27  Marine x2  
  48  4:41  Siege Tank  
  48  4:43  Starport Reactor, Bunker  
  51  4:51  Barracks  
  52  4:52  SCV  
  52  4:54  Barracks  
  52  5:01  SCV  
  52  5:02  Marine  
  54  5:09  Supply Depot  
  54  5:11  Supply Depot  
  54  5:14  Marine, SCV  
  56  5:22  Siege Tank  
  59  5:39  Supply Depot  
  59  5:40  SCV x2  
  61  5:44  Marine x2  
  61  5:46  Barracks Tech Lab, Barracks Reactor  
  61  5:49  Barracks  
  63  5:52  Barracks, SCV  
  64  6:02  SCV  
  63  6:11  Engineering Bay  
  63  6:14  SCV  
  63  6:15  Liberator  
  63  6:16  Liberator  
  61  6:22  Bunker  
  61  6:23  Marine x3  
  59  6:35  Siege Tank  
  68  6:40  Missile Turret  
  68  6:43  Supply Depot  
  68  6:52  Missile Turret  
  63  7:05  Stimpack  
  62  7:21  SCV x2  
  61  7:33  SCV  
  61  7:37  Medivac x2  
  64  7:39  Barracks Tech Lab  
  66  7:46  Refinery  
  66  7:58  Refinery, SCV  
  66  7:59  SCV  
  66  8:01  Terran Infantry Weapons Level 1  
  58  8:42  Liberator  
  55  8:53  Marine x3  
  55  8:54  Marine x2  
  60  9:00  SCV x2  
  62  9:03  Missile Turret  
  62  9:04  Missile Turret  
  59  9:27  Marine x4  
  63  9:32  Liberator  
  63  9:33  Marine x3  
  65  9:44  Marine x2  
  64  9:47  SCV x2  
  64  9:50  Marine x2  
  64  9:51  Marine  
  72  9:55  Missile Turret  
  72  9:59  SCV x2  
  74  10:06  Refinery  
  74  10:11  SCV  
  74  10:12  Marine x3  
  74  10:13  Missile Turret  
  78  10:14  Missile Turret  
  78  10:15  Missile Turret  
  90  10:35  Liberator  
  71  10:36  Marine  
  64  10:48  Marine, SCV x2  
  64  10:49  Marine x3  
  70  11:10  Missile Turret  
  70  11:15  Combat Shields  
  70  11:23  Supply Depot  
  70  11:31  Liberator  
  70  11:36  Refinery  
  70  11:44  Supply Depot  
  70  11:45  Marine x4, SCV x2  
  78  11:57  SCV x2  
  80  12:02  Medivac  
  82  12:09  SCV x2  
  82  12:12  Command Center  
  84  12:21  SCV x2  
  80  12:33  SCV  
  80  12:42  SCV  
  78  12:46  SCV  
  78  12:51  Marine x4  
  67  12:57  Missile Turret x2  
  67  12:58  Missile Turret  
  70  13:11  Supply Depot  
  70  13:19  Refinery  
  70  13:32  Widow Mine  
  70  13:33  Marine x4, SCV x2  
  78  13:38  Liberator x2  
  78  13:58  Supply Depot  
  78  13:59  Supply Depot  
  77  14:29  SCV x2  
  79  14:38  Medivac x2  
  83  14:45  Starport  
  60  15:15  SCV x2  
  57  15:27  SCV x2  
  59  15:37  Medivac x2  
Show
View Real Time Build Order
Export as new Build Order

slackerpants Zerg - Winner!

Build Orders: Hatch First, Muta Ling Bane 

Get SALT Encoding   

  12  0:01  Drone  
  13  0:13  Drone  
  14  0:37  Hatchery  
  14  0:42  Drone  
  14  0:49  Extractor  
  13  0:50  Drone  
  14  1:06  Spawning Pool  
  14  1:10  Drone  
  14  1:22  Overlord  
  14  1:53  Queen x2  
  18  1:56  Drone  
  20  2:01  Drone  
  20  2:07  Zergling x2  
  21  2:16  Drone  
  21  2:17  Drone  
  21  2:21  Drone  
  24  2:29  Metabolic Boost  
  24  2:46  Extractor  
  24  2:48  Drone x3  
  24  2:49  Drone x2  
  28  2:55  Extractor  
  27  2:58  Overlord  
  27  3:06  Drone  
  27  3:10  Overlord  
  28  3:18  Lair  
  28  3:21  Drone  
  28  3:23  Drone  
  30  3:28  Drone x2  
  30  3:30  Drone  
  33  3:38  Drone x2  
  35  3:43  Drone  
  35  3:45  Zergling x4  
  37  3:58  Baneling Nest  
  37  3:59  Drone  
  37  4:04  Drone x2  
  37  4:05  Extractor, Drone x2  
  40  4:14  Zergling x2  
  40  4:15  Zergling x4  
  40  4:16  Overlord  
  41  4:27  Spire  
  40  4:35  Drone x2  
  40  4:36  Drone  
  40  4:38  Drone x2  
  45  4:50  Drone x4  
  49  5:06  Overlord  
  49  5:07  Hatchery, Overlord  
  45  5:38  Mutalisk x2  
  45  5:39  Mutalisk x5  
  59  5:51  Zergling x8  
  59  5:52  Zergling x2  
  64  5:57  Queen  
  64  6:00  Drone x2  
  66  6:31  Overlord x2  
  66  6:32  Overlord x2  
  66  6:34  Zerg Flyer Weapons Level 1  
  64  7:31  Mutalisk x6  
  64  7:32  Corruptor x3, Mutalisk x3  
  88  7:51  Drone  
  88  7:52  Overlord x2  
  89  8:09  Zergling x6  
  89  8:10  Zergling x2  
  89  8:12  Drone x5  
  98  8:16  Centrifical Hooks  
  98  8:20  Baneling x3  
  98  8:21  Baneling x7  
  98  8:25  Mutalisk x2  
  102  8:59  Mutalisk x2  
  102  9:00  Mutalisk x2  
  110  9:47  Zergling x8  
  110  9:49  Overlord  
  110  9:50  Overlord x5  
  114  9:56  Zerg Flyer Armor Level 1  
  114  10:09  Zergling x6  
  107  10:50  Mutalisk x6  
  107  10:51  Mutalisk x3  
  107  10:54  Zergling x8  
  107  10:55  Zergling x6  
  132  11:02  Extractor  
  132  11:03  Extractor  
  130  11:26  Zergling x16  
  138  11:37  Infestation Pit  
  137  12:00  Zergling x6  
  137  12:01  Zergling x14  
  131  12:53  Mutalisk x3  
  131  12:54  Mutalisk x6  
  131  12:55  Mutalisk x2  
  153  13:13  Hatchery  
  152  13:34  Zergling x4  
  152  13:36  Overlord x2  
  152  13:37  Overlord x2  
  152  13:38  Zerg Flyer Weapons Level 2  
  154  13:50  Overlord x2  
  154  14:16  Zergling x18  
  154  14:17  Zergling x6  
  166  14:27  Hive  
  166  14:34  Evolution Chamber  
  165  14:41  Baneling x4  
  165  14:42  Baneling x3  
  157  15:27  Zergling x16  
  157  15:28  Zergling x20  
  175  15:45  Queen  
  175  15:46  Drone  
  178  15:58  Spine Crawler  
Tags
 
Composition
Muta Ling Bane
League
Gold
Matchup
TvZ
Add a new tag
Caveats
  • Supply blocks, unpowered buildings, or Contaminate may cause inaccurate times.
  • Supply counts are checked every 10 seconds.